 Dungeon Crawl Stone Soup version 0.30-a0-696-g2367cd04db (webtiles) character file.

Game seed: 13121518099465985279

51318 Leeroy the Carver (level 14, -5/72 HPs)
             Began as a Tengu Warper on Jan 20, 2023.
             Was the Champion of Uskayaw.
             Engulfed by a cloud of flame (7 damage)
             ... on level 13 of the Dungeon on Jan 21, 2023.
             The game lasted 00:29:11 (16708 turns).

Leeroy the Carver (Tengu Warper)                   Turns: 16708, Time: 00:29:12

Health: -5/72      AC: 16    Str: 11    XL:     14   Next: 59%
Magic:  0/18       EV: 21    Int: 13    God:    Uskayaw [******]
Gold:   2076       SH: 32    Dex: 20    Spells: 8/17 levels left

rFire   + . .      SeeInvis +    L - +7 Throatcutter {drain, coup de grace}
rCold   + . .      Faith    .    v - +18 shield of the Gong {Loud rElec rN+ Will+ EV-5}
rNeg    + + .      Spirit   +    b - +0 acid dragon scales
rPois   +          Reflect  .    (helmet restricted)
rElec   +          Harm     .    Q - +2 cloak
rCorr   +          Rampage  .    V - +2 pair of gloves {infuse}
Will    ++...                    (boots unavailable)
Stlth   +                        T - amulet "Cenwisap" {Spirit rN+ Slay+5}
HPRegen 0.32/turn                f - ring of see invisible
MPRegen 0.16/turn                h - +5 ring of evasion

@: resistant, flying quickly and evasively, studying Conjurations, quick
A: beak, talons 3, nimble flight
a: Renounce Religion, Stomp, Line Pass, Grand Finale


You were on level 13 of the Dungeon.
You worshipped Uskayaw.
Uskayaw was noncommittal.
You visited 4 branches of the dungeon, and saw 17 of its levels.

You collected 2775 gold pieces.
You spent 699 gold pieces at shops.

Inventory:

Hand Weapons
 a - the +7 short sword of Dishonour {freeze, rCorr}
   (You bought it in a shop on level 2 of the Orcish Mines)

   rCorr:     It protects you from acid and corrosion.
 c - a +2 scimitar of flaming
 t - a +1 great sword of venom
 L - the +7 Throatcutter (weapon) {drain, coup de grace}
   (You found it on level 5 of the Dungeon)
 R - the +6 shillelagh "Devastator" {shatter}
   (You found it on level 5 of the Dungeon)
Missiles
 d - 12 boomerangs of dispersal
 y - 54 poisoned darts
 N - 6 curare-tipped darts (quivered)
 U - 7 throwing nets
Armour
 b - +0 acid dragon scales (worn)
 v - the +18 shield of the Gong (worn) {Loud rElec rN+ Will+ EV-5}
   (You found it on level 8 of the Dungeon)

   Loud:      It is deafeningly noisy when blocking attacks.
   EV:        It affects your evasion (-5).
   rElec:     It insulates you from electricity.
   rN:        It protects you from negative energy.
   Will:      It increases your willpower.
 F - a +0 robe
 Q - a +2 cloak (worn)
 S - +0 steam dragon scales
 V - a +2 pair of gloves of infusion (worn)
Jewellery
 e - a ring of fire
 f - a ring of see invisible (left hand)
 h - a +5 ring of evasion (right hand)
 l - a ring of wizardry
 D - an amulet of magic regeneration
 E - a ring of protection from fire
 T - the amulet "Cenwisap" (around neck) {Spirit rN+ Slay+5}
   (You took it off an orc priest on level 6 of the Dungeon)

   [amulet of guardian spirit]

   It causes incoming damage to be divided between your reserves of health and
   magic.
   Slay:      It affects your accuracy & damage with ranged weapons and melee
   (+5).
   rN:        It protects you from negative energy.
Wands
 C - a wand of mindburst (41)
 M - a wand of roots (4)
 Z - a wand of quicksilver (11)
Scrolls
 g - a scroll of brand weapon
 i - 4 scrolls of immolation
 n - 2 scrolls of fog
 o - a scroll of summoning
 q - 14 scrolls of teleportation
 s - 4 scrolls of amnesia
 u - 3 scrolls of noise
 w - 3 scrolls of fear
 G - a scroll of poison
 H - 3 scrolls of enchant armour
 I - a scroll of vulnerability
 O - a scroll of enchant weapon
 W - 3 scrolls of identify
 Y - a scroll of magic mapping
Potions
 k - a potion of berserk rage
 m - 2 potions of might
 p - 2 potions of flight
 x - 3 potions of brilliance {unknown}
 z - 4 potions of haste {unknown}
 A - 3 potions of attraction {unknown}
 B - 3 potions of curing {unknown}
 J - a potion of mutation {unknown}
 K - 3 potions of heal wounds
 P - a potion of cancellation {unknown}
 X - a potion of lignification {unknown}
Miscellaneous
 r - a condenser vane


   Skills:
 - Level 2.7 Fighting
 - Level 14.8 Long Blades
 - Level 1.0 Throwing
 + Level 13.3 Armour
 - Level 11.2 Dodging
 - Level 14.4 Shields
 - Level 2.0 Spellcasting
 - Level 2.4 Translocations


You had 8 spell levels left.
You knew the following spells:

 Your Spells              Type           Power      Damage    Failure   Level
a - Blink                 Tloc           14%        N/A       36%         2
b - Vhi's Electric Charg  Tloc/Air       8%         N/A       75%         3
c - Manifold Assault      Tloc           7%         N/A       94%         4

Your spell library contained the following spells:

 Spells                   Type           Power      Damage    Failure   Level
 Lesser Beckoning         Tloc           14%        N/A       36%         2
 Momentum Strike          Conj/Tloc      8%         3d8       52%         2
 Sting                    Tmut/Pois      4%         1d3       54%         1
 Teleport Other           Tloc           7%         N/A       58%         3
 Sublimation of Blood     Necr           1%         N/A       67%         2
 Wereblood                Tmut           1%         N/A       67%         2
 Animate Dead             Necr           1%         N/A       99%         4
 Petrify                  Tmut/Erth      1%         N/A       99%         4
 Borgnjor's Vile Clutch   Necr/Erth      0%         N/A       100%        5
 Metabolic Englaciation   Hex/Ice        0%         N/A       100%        5
 Summon Forest            Summ/Tloc      2%         N/A       100%        5
 Summon Mana Viper        Hex/Summ       1%         N/A       100%        5
 Death Channel            Necr           0%         N/A       100%        6
 Statue Form              Tmut/Erth      0%         N/A       100%        6
 Summon Cactus Giant      Summ           0%         N/A       100%        6
 Summon Hydra             Summ           0%         N/A       100%        7


Dungeon Overview and Level Annotations

Branches:
Dungeon (13/15)            Temple (1/1) D:4            Lair (0/5) D:10
    Orc (2/2) D:9             Elf (1/3) Orc:2
 Vaults: D:13-14

Altars:
Ashenzari
Cheibriados
Dithmenos
Elyvilon
Fedhas
Gozag
Hepliaklqana
Kikubaaqudgha
Makhleb
Nemelex Xobeh
Okawaru
Qazlal
Ru
Sif Muna
Trog
Uskayaw
Vehumet
Wu Jian
Xom
Yredelemnul
Zin
The Shining One

Shops:
D:9 (   Orc:1 =   Orc:2 ((***

Annotations:
D:4 Pikel


Innate Abilities, Weirdness & Mutations

You have a beak for a mouth.
You have claws for feet.
Your magical nature lets you fly swiftly and evasively.


Message History

You block the spriggan's attack.
SHROANNG!
The fire crab breathes flames at you.
The blast of flame engulfs you but does no damage.
You slash the fire crab! You drain the fire crab.
You claw the fire crab, but do no damage.
The fire crab is heavily wounded.
You are engulfed in blazing flames.
* * * LOW HITPOINT WARNING * * *
The spriggan is engulfed in blazing flames.
You block the spriggan's attack.
PTOANNNG!
Casting: Blink (dangerous; 36% risk of failure)
Confirm with . or Enter, or press ? or * to list all spells.
You don't have enough magic to cast this spell.
Unknown command.
Okay, then.
Okay, then.
You feel protected.
You are engulfed in blazing flames.
You resist.
* * * LOW HITPOINT WARNING * * *
The fire crab bites you.
* * * LOW HITPOINT WARNING * * *
You are engulfed in flames.
You resist.
* * * LOW HITPOINT WARNING * * *
The fire crab completely misses you.
The spriggan is engulfed in blazing flames.
The spriggan dies!
You slice the fire crab!!
You peck the fire crab, but do no damage.
The fire crab is severely wounded.
You are engulfed in blazing flames.
You resist.
* * * LOW HITPOINT WARNING * * *
The fire crab breathes flames at you. The blast of flame misses you.
You slash the fire crab!
You kill the fire crab!
The fire crab's shape twists and changes as it dies.
You are engulfed in blazing flames.
You resist.
You die...

#..............#########.........
######.........# ##########
########### ♣♣♣♣ ....♣ ♣♣♣♣♣♣ ♣
♣..♣♣♣♣♣♣♣....♣♣♣♣♣♣♣
♣..†))()...♣♣...♣♣...
♣♣))@♣♣♣♣♣♣♣♣♣♣♣...♣♣ ♣...♣ ♣♣♣♣♣
.....♣♣ ♣.♣♣♣♣. ♣♣


There were no monsters in sight!

Vanquished Creatures
  Rupert (Orc:1)
  Snorg (D:10)
  Harold (D:9)
  A hydra (D:13)
  4 ogre magi (Orc:2)
  Erica (D:9)
  5 centaur warriors
  15 two-headed ogres
  Urug (D:10)
  A skeletal warrior (D:13)
  A fire crab (shapeshifter) (D:13)
  Lodul (D:13)
  A deep elf archer (Elf:1)
  4 deep elf pyromancers
  3 deep elf zephyrmancers
  An orc sorcerer (D:9)
  2 ugly things (D:13)
  4 cyclopes
  3 manticores
  An elephant (D:10)
  2 vault sentinels (D:8)
  5 gargoyles
  3 slime creatures (D:12)
  Maggie (D:8)
  2 komodo dragons
  A kobold demonologist (D:5)
  An unseen horror (D:11)
  5 trolls
  4 hornets
  11 spriggans (D:13)
  A vampire (D:9)
  A shadow (D:12)
  A wraith (D:9)
  5 wyverns
  2 steam dragons
  4 vampire mosquitoes
  2 basilisks (D:10)
  23 yaks
  Menkaure (D:5)
  3 wargs
  2 acid dragons
  11 orc warriors
  2 ice beasts
  2 boggarts (D:13)
  30 ogres
  2 sky beasts (D:6)
  20 centaurs
  4 lemures
  10 kobold brigands
  5 bullfrogs
  2 necrophages
  2 gnoll sergeants (D:12)
  3 scorpions
  7 wights
  12 killer bees
  An electric eel (D:9)
  6 howler monkeys
  3 hounds
  10 orc priests
  Crazy Yiuf (D:5)
  7 iguanas
  A jelly (D:5)
  14 orc wizards
  8 gnolls (D:12)
  6 adders
  A white imp (D:7)
  3 worms
  6 dart slugs
  67 orcs
  5 ball pythons
  5 endoplasms
  12 giant cockroaches
  6 goblins
  4 hobgoblins
  13 kobolds
  2 quokkas
  7 bats
  9 frilled lizards
  7 rats
448 creatures vanquished.

Vanquished Creatures (others)
  A spriggan (D:13)
  A boggart (D:13)
  An orc wizard (Orc:1)
  45 plants (D:9)
  8 toadstools (D:1)
56 creatures vanquished.

Grand Total: 504 creatures vanquished

Notes
Turn   | Place    | Note
-------+----------+-------------------------------------------
     0 | D:1      | Leeroy the Tengu Warper began the quest for the Orb.
     0 | D:1      | Reached XP level 1. HP: 12/12 MP: 4/4
    90 | D:1      | Reached XP level 2. HP: 17/17 MP: 6/6
   337 | D:1      | Reached XP level 3. HP: 19/21 MP: 7/7
  1356 | D:2      | Reached XP level 4. HP: 26/26 MP: 8/8
  1777 | D:3      | Reached skill level 5 in Long Blades
  1781 | D:3      | Learned a level 2 spell: Blink
  1785 | D:3      | Learned a level 3 spell: Vhi's Electric Charge
  2418 | D:4      | Noticed an ogre
  2426 | D:3      | Gained mutation: Your magical nature lets you fly swiftly
                  | and evasively. [Tengu growth]
  2426 | D:3      | Reached XP level 5. HP: 29/30 MP: 9/9
  2787 | D:4      | Found a staircase to the Ecumenical Temple.
  2820 | D:4      | Noticed an ogre
  2846 | Temple   | Entered the Ecumenical Temple
  2959 | Temple   | Became a worshipper of Uskayaw the Reveller
  3113 | D:4      | Noticed a lemure
  3116 | D:4      | Noticed a lemure
  3118 | D:4      | Noticed Pikel
  3142 | D:3      | Reached * piety under Uskayaw
  3155 | D:3      | Reached ** piety under Uskayaw
  3225 | D:3      | Reached *** piety under Uskayaw
  3226 | D:3      | Killed a lemure
  3374 | D:4      | Noticed a lemure
  3375 | D:4      | Noticed a lemure
  3394 | D:3      | Killed a lemure
  3529 | D:3      | Killed a lemure
  3585 | D:4      | Killed a lemure
  3598 | D:4      | Reached XP level 6. HP: 35/35 MP: 10/10
  4015 | D:5      | Entered Level 5 of the Dungeon
  4068 | D:5      | Identified 2 scrolls of acquirement
  4070 | D:5      | Acquired a ring of wizardry
  4080 | D:5      | Acquired 706 gold pieces
  4114 | D:5      | Found an ornate altar of the Wu Jian Council.
  4149 | D:5      | Noticed an ice beast
  4156 | D:5      | Killed an ice beast
  4161 | D:5      | Noticed Menkaure
  4162 | D:5      | Reached XP level 7. HP: 40/40 MP: 11/11
  4167 | D:5      | Reached **** piety under Uskayaw
  4171 | D:5      | Reached ***** piety under Uskayaw
  4172 | D:5      | Killed Menkaure
  4453 | D:5      | Found the +7 Throatcutter {drain, coup de grace}
  4453 | D:5      | Noticed a kobold demonologist
  4459 | D:5      | Noticed a sun demon
  4462 | D:5      | Noticed an ice devil
  4463 | D:5      | Reached XP level 8. HP: 27/44 MP: 12/12
  4464 | D:5      | Noticed an orange demon
  4469 | D:5      | Reached skill level 10 in Long Blades
  4479 | D:5      | Killed a kobold demonologist
  4479 | D:5      | Reached ****** piety under Uskayaw
  4831 | D:5      | Found a runed translucent door.
  4831 | D:5      | Found the +6 shillelagh "Devastator" {shatter}
  4832 | D:5      | Noticed Crazy Yiuf
  5094 | D:5      | Killed Crazy Yiuf
  5275 | D:6      | Reached XP level 9. HP: 45/48 MP: 13/13
  5372 | D:6      | Identified the amulet "Cenwisap" {Spirit rN+ Slay+5}
  6227 | D:6      | Found a shimmering altar of Xom.
  6287 | D:7      | Found a shimmering blue altar of Sif Muna.
  6300 | D:7      | Reached XP level 10. HP: 53/53 MP: 11/14
  6321 | D:7      | Got Sif Muna's Enchiridion on Impure Therianthropy
  6337 | D:7      | Found a glowing golden altar of the Shining One.
  6653 | D:7      | Found an iron altar of Okawaru.
  7405 | D:8      | Noticed Maggie
  7408 | D:8      | Killed Maggie
  7506 | D:8      | Reached skill level 5 in Armour
  7624 | D:8      | Reached skill level 5 in Dodging
  7798 | D:8      | Reached XP level 11. HP: 57/59 MP: 7/15
  8269 | D:8      | Found a burning altar of Makhleb.
  8309 | D:8      | Found the +18 shield of the Gong {Loud rElec rN+ Will+
                  | EV-5}
  8637 | D:9      | Noticed Harold
  8646 | D:9      | Noticed a two-headed ogre
  8651 | D:9      | Killed Harold
  8777 | D:9      | Found a staircase to the Orcish Mines.
  9116 | D:9      | Killed a two-headed ogre
  9117 | D:9      | Reached skill level 10 in Dodging
  9280 | D:9      | Found a shadowy altar of Dithmenos.
  9281 | D:9      | Found a hazy altar of Hepliaklqana.
  9349 | D:9      | Found Parphoed's Antique Weapon Emporium.
  9349 | D:9      | Noticed Erica
  9679 | Orc:1    | Entered Level 1 of the Orcish Mines
  9679 | Orc:1    | Noticed an orc sorcerer
  9703 | D:9      | Killed an orc sorcerer
  9876 | Orc:1    | Reached skill level 1 in Shields
  9992 | Orc:1    | You are sucked into a shaft and drop 1 floor!
  9992 | Orc:2    | Entered Level 2 of the Orcish Mines
 10017 | Orc:2    | Noticed Rupert
 10165 | Orc:1    | Found Vits's Jewellery Emporium.
 10430 | Orc:2    | Noticed an ogre mage
 10431 | Orc:2    | Noticed a two-headed ogre
 10434 | Orc:2    | Noticed a two-headed ogre
 10435 | Orc:2    | Noticed an ogre mage
 10437 | Orc:2    | Noticed a two-headed ogre
 10438 | Orc:2    | Noticed a two-headed ogre
 10523 | Orc:2    | Noticed a two-headed ogre
 10523 | Orc:2    | Noticed a two-headed ogre
 10523 | Orc:2    | Noticed a two-headed ogre
 10527 | Orc:1    | Killed a two-headed ogre
 10528 | Orc:1    | Reached XP level 12. HP: 58/64 MP: 11/16
 10530 | Orc:1    | Killed a two-headed ogre
 10531 | Orc:1    | Reached skill level 5 in Shields
 10532 | Orc:2    | Noticed a two-headed ogre
 10532 | Orc:2    | Noticed a two-headed ogre
 10532 | Orc:2    | Noticed a two-headed ogre
 10533 | Orc:2    | Noticed an ogre mage
 10537 | Orc:1    | Killed a two-headed ogre
 10540 | Orc:1    | Killed a two-headed ogre
 10542 | Orc:1    | Killed a two-headed ogre
 10605 | Orc:2    | Noticed a two-headed ogre
 10611 | Orc:1    | Killed a two-headed ogre
 10695 | Orc:2    | Noticed a two-headed ogre
 10695 | Orc:2    | Noticed a two-headed ogre
 10699 | Orc:1    | Killed a two-headed ogre
 10705 | Orc:1    | Killed a two-headed ogre
 10705 | Orc:1    | Killed a two-headed ogre
 10706 | Orc:1    | Killed a two-headed ogre
 11040 | Orc:2    | Found Xetzikh's Weapon Shop.
 11059 | Orc:2    | Noticed a two-headed ogre
 11064 | Orc:2    | Noticed an ogre mage
 11068 | Orc:2    | Killed an ogre mage
 11070 | Orc:2    | Killed a two-headed ogre
 11075 | Orc:2    | Killed an ogre mage
 11076 | Orc:2    | Reached skill level 10 in Shields
 11100 | Orc:2    | HP: 3/64 [something/bolt of magma (13)]
 11101 | Orc:2    | Killed an ogre mage
 11229 | Orc:2    | Reached XP level 13. HP: 44/68 MP: 17/17
 11352 | Orc:2    | Found a staircase to the Elven Halls.
 11474 | Orc:2    | Found Salobuj's Antique Weapon Boutique.
 11474 | Orc:2    | Found Ryiss's General Store.
 11474 | Orc:2    | Found Uguw's General Store.
 11474 | Orc:2    | Found Dougenku's Assorted Antiques.
 11481 | Orc:2    | Bought a pitted short sword for 192 gold pieces
 11481 | Orc:2    | Identified the +7 short sword of Dishonour {freeze, rCorr}
                  | (You bought it in a shop on level 2 of the Orcish Mines)
 11487 | Orc:2    | Bought a scroll of enchant armour for 112 gold pieces
 11488 | Orc:2    | Bought a potion of heal wounds for 75 gold pieces
 11488 | Orc:2    | Bought a scroll of teleportation for 45 gold pieces
 11685 | Elf:1    | Entered Level 1 of the Elven Halls
 11899 | Orc:2    | Learned a level 4 spell: Manifold Assault
 12176 | Elf:1    | Noticed a deep elf demonologist
 12181 | Elf:1    | Noticed an Executioner
 12871 | Orc:1    | Killed Rupert
 13143 | D:9      | Killed Erica
 13170 | D:9      | Bought a runed great sword for 275 gold pieces
 13395 | D:10     | Entered Level 10 of the Dungeon
 13433 | D:10     | Noticed Snorg
 13446 | D:10     | Killed Snorg
 13451 | D:10     | Found a staircase to the Lair.
 13461 | D:10     | Noticed Urug
 13475 | D:10     | Killed Urug
 13699 | D:10     | Found a glowing silver altar of Zin.
 13702 | D:10     | Noticed an angel
 15247 | D:11     | Identified the +2 buckler "Jowef" {Harm rC+ Str+3 Slay-3}
 15385 | D:12     | Reached XP level 14. HP: 50/72 MP: 2/18
 15491 | D:12     | Reached skill level 10 in Armour
 15646 | D:12     | Identified the +5 ring mail of Zin, Conjuring {rPois}
 16182 | D:13     | Noticed Lodul
 16221 | D:13     | Killed Lodul
 16707 | D:13     | HP: 1/72 [fire crab (shapeshifter)] (3)]
 16708 | D:13     | Engulfed by a cloud of flame

Illustrated notes

Levels and vault maps discovered:
D:1:      ldierk_walled_garden_2, layout_loops_ring, minmay_gold_behind_fungi,
          minmay_pentomino_r2
D:2:      layout_basic, minmay_worlds_worst_comb
D:3:      layout_basic, eino_curves_01, minivault_14, minmay_starry_boxes
D:4:      layout_gridville, minmay_temple_entry_butterflies, uniq_pikel
D:5:      layout_cave_pods, mainiacjoe_overflow_chevrons,
          dilly_guarded_unrand_throatcut, uniq_menkaure, uniq_crazy_yiuf_cottage
D:6:      layout_basic, tgw_xom, minmay_misc_feat_roman, minmay_manual_mess
D:7:      layout_loops_corners, led_sif_book, mainiacjoe_overflow_24_doors,
          mainiacjoe_overflow_concentric_impassable
D:8:      layout_rooms, lightli_temple_of_fire, hellmonk_guarded_unrand_gong,
          uniq_maggie
D:9:      layout_loops_ring, riverfiend_overflow_shadow_ancestor,
          minmay_orc_entry_temple_small, serial_shops, shop,
          serial_bayou_lagoon_a, uniq_harold, uniq_erica
D:10:     layout_long_grid, zin_angel, david_lair_generic, grunt_ministairs_4,
          uniq_urug, uniq_snorg
D:11:     cheibrodos_statue_roulette, layout_stronghold, hex_tiny
D:12:     layout_rooms
D:13:     kb_forest_paths, layout_basic, uniq_lodul
Temple:   dshaligram_water_room_temple
Orc:1:    layout_caves, serial_shops, nicolae_shop_behind_doors
Orc:2:    st_orc_ogre_mass, layout_caves, serial_shops,
          nicolae_shop_hallway_plus, uniq_rupert
Elf:1:    elf_arrival_002, layout_loops_cross, hangedman_corner_corridor,
          uniq_louise

Skill      XL: |  1  2  3  4  5  6  7  8  9 10 11 12 13 14 |
---------------+-------------------------------------------+-----
Long Blades    | 3 4 5 6 8 9 12 14 | 14.8
Armour         | 8 9 13 | 13.3
Dodging        | 5 11 | 11.2
Shields        | 3 10 14 | 14.4
Fighting       | |  2.7
Throwing       | |  1.0
Spellcasting   | |  2.0
Translocations | |  2.4

Action                   |  1- 3 |  4- 6 |  7- 9 | 10-12 | 13-15 || total
-------------------------+-------+-------+-------+-------+-------++-------
Melee: Falchion          |    72 |       |       |       |       ||    72
       Peck              |    13 |    24 |    24 |    39 |    83 ||   183
       Kick              |    17 |    42 |    42 |    75 |   118 ||   294
       Long sword        |    15 |   146 |   134 |   260 |   359 ||   914
       Punch             |       |     2 |     3 |     1 |       ||     6
       Scimitar          |       |       |       |       |     4 ||     4
Throw: Dart              |       |       |       |       |     1 ||     1
 Cast: Blink             |       |     2 |       |     2 |       ||     4
       Vhi's Electric Ch |       |       |       |     1 |       ||     1
Evoke: Wand              |       |       |       |    10 |       ||    10
  Use: Scroll            |       |    10 |       |     8 |     6 ||    24
       Potion            |       |       |     2 |       |     1 ||     3
 Stab: Sleeping          |     3 |       |       |       |       ||     3
       Paralysed         |       |     4 |     9 |    17 |    21 ||    51
Armor: Leather armour    |    24 |     6 |       |       |       ||    30
       Ring mail         |       |    17 |    25 |    10 |       ||    52
       Acid dragon scale |       |       |       |    18 |    26 ||    44
Dodge: Dodged            |    63 |   116 |   114 |   157 |    82 ||   532
Block: Kite shield       |       |       |       |   150 |   442 ||   592

Table legend: (Time is in decaauts)
 A = Elapsed time spent in this place.
 B = Non-inter-level travel time spent in this place.
 C = Inter-level travel time spent in this place.
 D = Time resting spent in this place.
 E = Time spent auto-exploring this place.
 F = Levels seen in this place.
 G = Mean time per level.
                   A        B        C        D        E       F      G
               +--------+--------+--------+--------+--------+-----+--------+
         Total |  15796 |  14798 |    998 |   2006 |  10221 |  17 |  929.2 |
       Dungeon |  12624 |  11934 |    690 |    665 |   9099 |  13 |  971.1 |
        Temple |    120 |     65 |     55 |      0 |     54 |   1 |  120.0 |
  Orcish Mines |   3009 |   2758 |    251 |   1340 |   1067 |   2 | 1504.5 |
   Elven Halls |     42 |     42 |      0 |      0 |      0 |   1 |   42.0 |
               +--------+--------+--------+--------+--------+-----+--------+

Top non-repeatable levels by time:
   Orc:2: 1633 daAuts
     D:9: 1419 daAuts
   Orc:1: 1375 daAuts
     D:3: 1370 daAuts
     D:7: 1168 daAuts
     D:5: 1137 daAuts
     D:8: 1094 daAuts
    D:11: 1056 daAuts
     D:6: 952 daAuts
     D:2: 879 daAuts
     D:4: 836 daAuts
    D:12: 759 daAuts
    D:10: 729 daAuts
     D:1: 724 daAuts
    D:13: 496 daAuts
